 Dungeon Crawl Stone Soup version 0.21.1-1-g345015f (webtiles) character file.

68 Fang the Skirmisher (level 4, -4/29 HPs)
             Began as a Gargoyle Berserker on May 18, 2018.
             Was a Believer of Trog.
             Killed from afar by Natasha (7 damage)
             ... with a magic dart
             ... on level 2 of the Dungeon.
             The game lasted 00:01:30 (1466 turns).

Fang the Skirmisher (Gargoyle Berserker)            Turns: 1466, Time: 00:01:31

Health: -4/29      AC:  5    Str: 22    XL:     4   Next: 19%
Magic:  4/4        EV: 12    Int:  7    God:    Trog [**....]
Gold:   33         SH:  0    Dex:  9    Spells: 3/3 levels left

rFire    . . .     SeeInvis .   a - +0 hand axe
rCold    . . .     Gourm    .   (no shield)
rNeg     + . .     Faith    .   b - +0 animal skin
rPois    ∞         Spirit   .   (no helmet)
rElec    +         Reflect  .   (no cloak)
rCorr    .         Harm     .   (no gloves)
MR       .....                  (no boots)
Stlth    +.........             (no amulet)
HPRegen  0.09/turn              (no ring)
MPRegen  0.09/turn              (no ring)

@: no status effects
A: negative energy resistance 1, electricity resistance, unbreathing,
petrification resistance, rot immunity, AC +3
a: Berserk, Trog's Hand, Burn Spellbooks, Renounce Religion


You were on level 2 of the Dungeon.
You worshipped Trog.
Trog was pleased with you.
You were hungry.

You visited 1 branch of the dungeon, and saw 2 of its levels.

You collected 33 gold pieces.

Inventory:

Hand Weapons
 a - a +0 hand axe (weapon)
Armour
 b - a +0 animal skin (worn)
Scrolls
 d - a scroll of amnesia {unknown}
 f - a scroll of immolation {unknown}
 g - a scroll of blinking {unknown}
 h - a scroll of remove curse {unknown}
 k - a scroll of magic mapping {unknown}
 l - a scroll of identify {unknown}
Potions
 e - a potion of cancellation {unknown}
 i - a potion of ambrosia {unknown}
 j - a potion of agility
 m - a potion of curing {unknown}
Comestibles
 c - 2 rations


   Skills:
 + Level 3.8 Fighting
 + Level 3.4 Axes
 + Level 2.3 Armour
 + Level 2.2 Dodging
 + Level 1.2 Stealth


You had 3 spell levels left.
You didn't know any spells.

Dungeon Overview and Level Annotations

Branches:
Dungeon (2/15)

Altars:
Cheibriados
Elyvilon
Qazlal
Trog
Xom

Annotations:
D:2 Natasha


Innate Abilities, Weirdness & Mutations

You are resistant to torment.
Your stone body is resilient. (AC +3)
You are immune to poison.
You resist negative energy. (rN+)
You are resistant to electric shocks. (rElec)
You can survive without breathing.
You are immune to petrification.
You are immune to rotting.


Message History

You barely miss Natasha.
Natasha is severely wounded.
Natasha completely misses you.
Unknown command.
You barely miss Natasha.
Natasha is severely wounded.
Natasha claws you.
* * * LOW HITPOINT WARNING * * *
You barely miss Natasha.
Natasha is severely wounded.
Natasha barely misses you.
Unknown command.
Unknown command.
You miss Natasha.
Natasha is severely wounded.
Natasha claws you.
* * * LOW HITPOINT WARNING * * *
Natasha casts a spell at you. The magic dart hits you!
You die...

.......#
..##...####....†...###..
#####...##.##.#.......#####.#
#.. ##..(#.##...............#
#..
##........._.....###♣≈.P♣#.#
.......##......# ♣♣≈≈♣#.#
##.#.#.##......# ♣≈P♣ .#
......#..(...# P.P♣
............♣♣ ♣≈♣♣
...#.h@###.♣ ≈≈≈ #.†.# ...≈
≈≈ ##... ..P≈≈ .......♣♣♣♣
#........ #....... #.......#
........#


You could see Natasha.

Vanquished Creatures
  Natasha (D:2)
  A worm (D:2)
  A dart slug (D:1)
  2 leopard geckos (D:1)
  5 bats
  A giant cockroach (D:2)
  4 goblins
  3 hobgoblins
  5 jackals (D:1)
  4 kobolds
  3 frilled lizards (D:1)
  5 rats
35 creatures vanquished.

Notes
Turn   | Place    | Note
-------+----------+-------------------------------------------
     0 | D:1      | Fang the Gargoyle Berserker began the quest for the Orb.
     0 | D:1      | Reached XP level 1. HP: 14/14 MP: 1/1
   210 | D:1      | Reached XP level 2. HP: 12/19 MP: 2/2
   791 | D:1      | Reached XP level 3. HP: 18/23 MP: 3/3
  1017 | D:1      | Found a shimmering altar of Xom.
  1065 | D:1      | Reached ** piety under Trog
  1142 | D:2      | Noticed Natasha
  1151 | D:2      | Killed Natasha
  1151 | D:2      | Reached skill level 1 in Stealth
  1151 | D:2      | Reached XP level 4. HP: 19/29 MP: 4/4
  1365 | D:2      | Found a bloodstained altar of Trog.
  1365 | D:2      | Found a white marble altar of Elyvilon.
  1424 | D:2      | Found a snail-covered altar of Cheibriados.
  1447 | D:2      | Found a stormy altar of Qazlal.
  1452 | D:2      | Noticed Natasha
  1466 | D:2      | Killed from afar by Natasha

Skill      XL: |  1  2  3 |
---------------+----------+-----
Axes           | 3 |  3.4
Dodging        | 2 |  2.2
Stealth        | 1 |  1.2
Fighting       | |  3.8
Armour         | |  2.3

Action                   |  1- 3 |  4- 6 || total
-------------------------+-------+-------++-------
Melee: Hand axe          |   101 |    23 ||   124
Invok: Berserk           |     1 |       ||     1
 Stab: Sleeping          |     2 |     1 ||     3
  Eat: Chunk             |       |     2 ||     2
Armor: Animal skin       |    35 |     1 ||    36
Dodge: Dodged            |    94 |    15 ||   109
